Map: Abyssal Reef LE

Players

IllIIIllIIIl - Winner!

  • Race: Terran Terran
  • Spawn Location: 5:00

A.I. 1 (Elite)

  • Race: Terran Terran
  • Spawn Location: 11:00

VOD

Have the link to the VOD?

Description

Time

  • Played on: Jan. 25, 2018, 12:45 p.m.
  • Length: 6:20
Show
View Real Time Build Order
Export as new Build Order

IllIIIllIIIl Terran - Winner!

Build Orders: Cyclone Opening, Reaper Expand 

Get SALT Encoding   

  12  0:01  SCV  
  13  0:15  SCV  
  13  0:17  Supply Depot  
  14  0:28  SCV  
  15  0:30  Refinery  
  15  0:40  SCV  
  16  0:46  Barracks  
  16  0:52  SCV  
  17  1:04  SCV  
  18  1:16  SCV  
  19  1:33  Orbital Command, Reaper  
  20  1:46  Command Center  
  20  1:57  Factory  
  20  2:01  SCV  
  20  2:07  Refinery  
  21  2:10  Barracks Reactor  
  21  2:15  SCV  
  22  2:23  Supply Depot  
  22  2:27  SCV  
  23  2:45  SCV  
  24  2:55  Cyclone  
  24  2:57  Cyclone  
  30  3:00  Orbital Command  
  30  3:01  SCV  
  30  3:04  Refinery  
  31  3:13  SCV  
  32  3:25  SCV  
  32  3:26  SCV  
  34  3:28  Cyclone  
  34  3:32  Cyclone  
  40  3:37  SCV  
  40  3:38  Supply Depot  
  40  3:39  SCV  
  42  3:44  Supply Depot  
  42  3:49  SCV  
  42  3:52  Factory  
  42  3:54  Barracks Reactor  
  43  3:56  SCV  
  43  4:01  SCV  
  45  4:07  Cyclone  
  45  4:09  SCV  
  49  4:14  SCV  
  49  4:15  Cyclone  
  53  4:18  Supply Depot  
  53  4:21  SCV  
  54  4:24  Supply Depot  
  54  4:30  SCV  
  55  4:33  SCV  
  53  4:42  Cyclone x2  
  53  4:44  SCV  
  60  4:45  SCV  
  60  4:52  Cyclone  
  64  4:56  SCV  
  64  4:57  SCV  
  66  5:02  Supply Depot  
  66  5:05  Cyclone  
  69  5:08  SCV  
  69  5:10  Supply Depot, SCV  
  69  5:11  Refinery  
  71  5:19  Cyclone  
  71  5:20  SCV  
  75  5:22  SCV  
  75  5:24  Supply Depot  
  76  5:29  Cyclone  
  76  5:35  SCV x2  
  74  5:44  Cyclone  
  74  5:47  SCV x2  
  79  5:52  Command Center  
  79  5:59  SCV x2  
Show
View Real Time Build Order
Export as new Build Order

A.I. 1 (Elite) Terran 

Build Orders:  

Get SALT Encoding   

  12  0:00  SCV  
  13  0:13  SCV  
  14  0:18  Supply Depot  
  14  0:25  SCV  
  15  0:40  SCV  
  16  0:43  Barracks  
  16  0:52  SCV  
  17  1:04  SCV  
  18  1:16  Supply Depot, SCV  
  19  1:21  Refinery  
  19  1:28  SCV  
  19  1:30  Marine  
  21  1:40  SCV  
  22  1:48  Marine  
  22  1:50  Barracks  
  22  1:52  SCV  
  22  1:53  Refinery  
  24  2:02  Supply Depot  
  24  2:04  SCV  
  24  2:05  Marine  
  26  2:16  SCV  
  27  2:23  Marine  
  27  2:25  Factory  
  27  2:28  SCV  
  29  2:37  Marine  
  29  2:41  Orbital Command, Marine  
  31  2:55  Marine  
  32  3:00  Marine  
  33  3:06  SCV  
  34  3:13  Marine  
  34  3:18  SCV  
  36  3:22  Command Center  
  36  3:30  SCV  
  36  3:43  Barracks, SCV  
  37  3:51  Barracks Tech Lab  
  37  3:52  Barracks Tech Lab  
  37  3:55  SCV  
  38  4:03  Factory Tech Lab, Starport  
  38  4:07  SCV  
  38  4:09  Supply Depot  
  39  4:31  Marine x2, SCV  
  42  4:34  SCV  
  42  4:38  Marine  
  40  4:43  SCV  
  35  4:46  SCV  
  35  4:48  Marine x2  
  35  4:49  Viking  
  36  4:55  Marine, SCV  
  36  4:58  Orbital Command  
  34  5:06  Marine x2  
  33  5:13  Marine  
  33  5:19  Viking  
  33  5:24  Marine  
  33  5:25  Marauder  
  27  5:31  Marine  
  27  5:34  SCV  
  19  5:40  SCV  
  18  5:46  SCV  
  16  5:53  SCV  
  11  5:58  SCV  
  11  6:01  Marine  
Tags
 
Add a new tag
Caveats
  • Supply blocks, unpowered buildings, or Contaminate may cause inaccurate times.
  • Supply counts are checked every 10 seconds.